 Dungeon Crawl Stone Soup version 0.30.1-3-gfc49f6343a (webtiles) character file.

Game seed: 14221675585511426700

16 corporatematt the Ruffian (level 2, -14/29 HPs)
             Began as a Troll Berserker on Aug 1, 2023.
             Was a Follower of Trog.
             Demolished by an ogre
             ... wielding a +0 giant spiked club
              (20 damage)
             ... on level 3 of the Dungeon.
             The game lasted 00:11:09 (875 turns).

corporatematt the Ruffian (Troll Berserker)          Turns: 875, Time: 00:11:09

Health: -14/29     AC:  4    Str: 24    XL:     2   Next: 41%
Magic:  1/1        EV: 10    Int:  3    God:    Trog [*.....]
Gold:   107        SH:  0    Dex:  9    Spells: 1/1 levels left

rFire   . .          .
                       - Unarmed
rCold   . . .        (no shield)
rNeg    . . .        l - +0 robe
rPois   .            (helmet restricted)
rElec   .            (no cloak)
rCorr   .            (gloves unavailable)
SInv    .            (boots unavailable)
Will    .....        (no amulet)
Stlth   +            (no ring)
HPRegen 1.04/turn    (no ring)
MPRegen 0.07/turn

%: no passive effects
@: no status effects
A: large, unfitting armour, claws 3, regeneration 1, shaggy fur 1, tough skin 1
a: Renounce Religion, Berserk


You were on level 3 of the Dungeon.
You worshipped Trog.
Trog was aware of your devotion.
You visited 1 branch of the dungeon, and saw 3 of its levels.

You collected 107 gold pieces.

Inventory:

Hand Weapons
 e - a +0 spear
 g - a +0 club
 m - a +0 hand axe
 p - a +0 dagger
 q - a +0 dagger
 r - a +0 short sword
Missiles
 i - 6 poisoned darts (quivered)
 k - 16 stones
Armour
 a - a +0 animal skin
 l - a +0 robe (worn)
 n - a +0 ring mail
Scrolls
 b - a scroll of enchant weapon {unknown}
 c - a scroll of identify {unknown}
 d - a scroll of brand weapon {unknown}
 f - 4 scrolls of teleportation {unknown}
 h - a scroll of vulnerability {unknown}
 o - a scroll of amnesia {unknown}
Potions
 j - a potion of heal wounds {unknown}


   Skills:
 + Level 2.6 Fighting
 + Level 2.6 Dodging
 + Level 3.3 Unarmed Combat


You had one spell level left.
You didn't know any spells.
Your spell library was empty.

Dungeon Overview and Level Annotations

Branches:
Dungeon (3/15)

Altars:


Innate Abilities, Weirdness & Mutations

You are too large for most types of armour.
You have claws for hands.
Your natural rate of healing is unusually fast.
You are covered in fur. (AC +1)
You have tough skin. (AC +1)


Message History

A kobold comes into view. It is wielding a +0 short sword.
The kobold moves out of view.
The kobold shouts!
The kobold hits you but does no damage.
You claw the kobold!
You kill the kobold!
Trog accepts your kill.
k - 16 stones (gained 4)
Things that are here:
a +0 short sword; a +0 ring mail
Things that are here:
a +0 short sword; a +0 ring mail
r - a +0 short sword
Found a stone staircase leading down.
There is a stone staircase leading down here.
You climb downwards.
The ogre shouts!
Found a stone staircase leading up.
There is a stone staircase leading up here.
You completely miss the ogre. You scratch the ogre.
The ogre is lightly wounded.
The ogre barely misses you.
You claw the ogre!
The ogre is heavily wounded.
The ogre completely misses you.
You scratch the ogre.
The ogre is severely wounded.
You claw the ogre!
The ogre is almost dead.
The ogre hits you with a +0 giant spiked club!!
Ouch! That really hurt!
* * * LOW HITPOINT WARNING * * *
You closely miss the ogre.
The ogre is almost dead.
You scratch the ogre.
The ogre is almost dead.
The ogre hits you with a +0 giant spiked club!!
Ouch! That really hurt!
You die...

# #. # #..
..#..#####
.........#
........O#
.......@.#
.......<.#
.........#
....######
... .. .


You could see an ogre.

Vanquished Creatures
  A worm (D:2)
  2 bats (D:1)
  A giant cockroach (D:1)
  2 goblins
  2 hobgoblins (D:1)
  A ball python (D:2)
  2 kobolds (D:2)
  2 rats
13 creatures vanquished.

Notes
Turn   | Place    | Note
-------+----------+-------------------------------------------
     0 | D:1      | corporatematt the Troll Berserker began the quest for the
                  | Orb.
     0 | D:1      | Reached XP level 1. HP: 22/22 MP: 0/0
   372 | D:1      | Reached XP level 2. HP: 29/29 MP: 1/1
   868 | D:3      | Noticed an ogre
   875 | D:3      | Demolished by an ogre

Illustrated notes

Levels and vault maps discovered:
D:1:      dpeg_arrival_three_bigger_balls, layout_loops_ring
D:2:      layout_loops_ring, amethyst_killhole, minivault_4
D:3:      layout_rooms, dk_noncrumbling_4, columned_hall_lemuel

Action                     || total
---------------------------++-------
  Melee: Unarmed           ||    44
 Invoke: Berserk           ||     1
 Armour: Animal skin       ||     4
         Robe              ||    10
  Dodge: Dodged            ||    29
